[Event "Live Chess"]
[Site "Chess.com"]
[Date "2023.09.16"]
[Round "-"]
[White "Gabriel0298"]
[Black "Miinero"]
[Result "0-1"]
[WhiteElo "1604"]
[BlackElo "1877"]
[TimeControl "900+5"]
[EndTime "16:51:47 PDT"]
[Termination "Miinero venceu por desistência"]

1. e4 e5 2. Nf3 Nc6 3. Bc4 Bc5 4.
O-O Nf6 5. c3 d6 6. d4 exd4 7.
cxd4 Bb6 8. d5 Ne7 9. Nc3 Bg4 10. Bg5 Ng6 11. h3 Bxf3 12. Qxf3 Ne5 13. Bxf6 Nxf3+ 0-1

[Event "Live Chess"]
[Site "Chess.com"]
[Date "2023.09.16"]
[Round "-"]
[White "GustavoFarinha"]
[Black "Tercette"]
[Result "1-0"]
[WhiteElo "1694"]
[BlackElo "276"]
[TimeControl "900+5"]
[EndTime "16:52:12 PDT"]
[Termination "GustavoFarinha venceu por xeque-mate"]

1. e4 Nf6 2. d3 e5 3. Nf3 Bc5 4. h3 O-O 5. Nc3 Nc6 6. Be2 Nb4 7. a3 Nc6 8. O-O d6 9. Bg5 Qe7 10. Nd5 Qe6 11. Nxc7 Rb8 12. Nxe6 Re8 13. Nxc5 Re7 14. Bxf6 Rc7 15. Bh4 b6 16. Na6 Bxa6 17.
b4 Bb5 18. c4 Ba6 19. b5 Nd8 20. bxa6 Nc6 21. d4 exd4 22. Nxd4 Nxd4 23. Qxd4 d5 24. Bg3 Rd8 25. Bxc7 Rd7 26. Bxb6 axb6 27. cxd5 b5 28. a7 Rxa7 29. Qxa7 b4 30. Qb8# 1-0

[Event "Live Chess"]
[Site "Chess.com"]
[Date "2023.09.16"]
[Round "-"]
[White "ViniciusBritoFc"]
[Black "Jonas_Rodrigues"]
[Result "0-1"]
[WhiteElo "1199"]
[BlackElo "1279"]
[TimeControl "900+5"]
[EndTime "16:52:40 PDT"]
[Termination "Jonas_Rodrigues venceu por xeque-mate"]

1. c4 Nf6 2. Nc3 d5 3. cxd5 Nxd5 4. Nxd5 Qxd5 5. Nf3 Nc6 6. Qc2 g6 7. e4 Qe6 8. Ng5 Qf6 9. d3 h6 10. Nf3 Bg4 11. Be2 O-O-O 12. O-O Bxf3 13. Bxf3 Nd4 14. Bg4+ Kb8 15. Qa4 h5 16. Bh3 g5 17. g3 g4 18. Bg2 Nf3+ 19. Bxf3 gxf3 20. Qb3 h4 21. Bf4 hxg3 22. Bxg3 e5 23. Rac1 Bd6 24. Rc6 Rdg8 25. Rfc1 Qh4 26. Kh1 Rxg3 27. fxg3 Qxh2# 0-1

[Event "Live Chess"]
[Site "Chess.com"]
[Date "2023.09.16"]
[Round "-"]
[White "Cantalicioo"]
[Black "Gustavoksbr"]
[Result "0-1"]
[WhiteElo "1586"]
[BlackElo "1913"]
[TimeControl "900+5"]
[EndTime "16:52:42 PDT"]
[Termination "Gustavoksbr venceu por desistência"]

1. d4 Nf6 2. c4 g6 3. Nf3 Bg7 4. Nc3 d5 5. e3 O-O 6. cxd5 Nxd5 7. Bc4 Nxc3 8. bxc3 c5 9. O-O Bg4 10. h3 Bxf3 11.
Qxf3 Nc6 12. Ba3 cxd4 13. cxd4 Qa5 14. Bb2 Rac8 15. Bb3 e5 16. d5 Nb4 17. e4 Nc2 18.
Rac1 Nd4 19. Bxd4 exd4 20. Rxc8 Rxc8 21. d6 Rf8 22. d7 Qc7 23. Ba4 a6 24. Qa3 b5 25.
Rc1 Qxd7 26. Bb3 d3 27. Rd1 d2 28. Qxa6 Re8 29. Qa5 Bh6 30. a4 Rxe4 31. Qxb5 Qe7 32.
Qb8+ Kg7 33. Rxd2 Re1+ 34. Kh2 Bxd2 0-1

[Event "Live Chess"]
[Site "Chess.com"]
[Date "2023.09.16"]
[Round "-"]
[White "Larissa1413"]
[Black "Japaawz"]
[Result "1-0"]
[WhiteElo "1920"]
[BlackElo "397"]
[TimeControl "900+5"]
[EndTime "16:52:54 PDT"]
[Termination "Larissa1413 venceu por xeque-mate"]

1. d4 c6 2. c4 Na6 3. Nc3 Qc7 4. e4 b6 5. Nf3 Bb7 6. Bd3 Nf6 7. g3 d6 8. Bf4 e5 9. dxe5 dxe5 10. Bxe5 Qd7 11. O-O Bb4 12. Qc2 O-O 13. Bxf6 gxf6 14. e5 f5 15. Bxf5 Qe7 16. Bxh7+ Kh8 17. Be4 Rab8 18. a3 Bxc3 19. Qxc3 Nc5 20. e6+ Kg8 21. Bc2 Qxe6 22.
Ng5 Qh6 23. Bh7+ Qxh7 24. Nxh7 Kxh7 25. Qf6 Rbe8 26. Rfe1 Rxe1+ 27. Rxe1 Nd3 28. Qf5+ Kh8 29. Qxd3 Ba6 30. Re7 b5 31. Qd4+ Kh7 32. Qh4+ Kg7 33. Qg5+ Kh8 34. Re4 bxc4 35. Rh4# 1-0

[Event "Live Chess"]
[Site "Chess.com"]
[Date "2023.09.16"]
[Round "-"]
[White "GilbertoGOFaria"]
[Black "Capi-D-Vara"]
[Result "1-0"]
[WhiteElo "1667"]
[BlackElo "1272"]
[TimeControl "900+5"]
[EndTime "16:53:55 PDT"]
[Termination "GilbertoGOFaria venceu por desistência"]

1. Nf3 Nf6 2. d4 g6 3. Bf4 d6 4. c4 Bg7 5. Nc3 O-O 6. e3 Bf5 7. h3 e5 8. dxe5 dxe5 9. Qxd8 Rxd8 10. Bxe5 Nbd7 11. Bxc7 Rdc8 12. Bf4 Ne4 13. Nxe4 Bxe4 14.
Nd4 1-0

[Event "Live Chess"]
[Site "Chess.com"]
[Date "2023.09.16"]
[Round "-"]
[White "ViniciusBritoFc"]
[Black "Tercette"]
[Result "1-0"]
[WhiteElo "1199"]
[BlackElo "275"]
[TimeControl "900+5"]
[EndTime "16:55:17 PDT"]
[Termination "ViniciusBritoFc venceu por xeque-mate"]

1. e4 e5 2. Qf3 Qh4 3. Bc4 Bc5 4. Qxf7+ Kd8 5. g3 Qf4 6. Qxf4 Nh6 7. Qg5+ Ke8 8.
Qxe5+ Kd8 9. Qxc5 Ng4 10. Qg5+ Nf6 11. d3 Re8 12. Bf7 Re7 13. Qxg7 Rxf7 14. Qxf7 Ne8 15.
Bg5+ Nf6 16. Qf8# 1-0

[Event "Live Chess"]
[Site "Chess.com"]
[Date "2023.09.16"]
[Round "-"]
[White "Sophowl"]
[Black "Frogstetic"]
[Result "0-1"]
[WhiteElo "301"]
[BlackElo "2001"]
[TimeControl "900+5"]
[EndTime "16:55:33 PDT"]
[Termination "Frogstetic venceu por xeque-mate"]

1. d4 e5 2. dxe5 Qe7 3. f4 Nc6 4. Nf3 f6 5. exf6 Nxf6 6. c4 Ne4 7. Nc3 Nxc3 8. bxc3 Qf6 9. Bb2 Bd6 10. Qd3 Bxf4 11.
g3 Bh6 12. Bh3 d6 13. c5 Bxh3 14. c4 Qxb2 15. Qd1 Qc3+ 16. Kf2 Be3# 0-1

[Event "Live Chess"]
[Site "Chess.com"]
[Date "2023.09.16"]
[Round "-"]
[White "Arthur_Maciel"]
[Black "Lucas-LGM"]
[Result "0-1"]
[WhiteElo "1113"]
[BlackElo "1569"]
[TimeControl "900+5"]
[EndTime "16:55:55 PDT"]
[Termination "Lucas-LGM venceu por desistência"]

1. e4 e5 2. Nf3 Nc6 3. Bc4 Be7 4. O-O Nf6 5. d3 O-O 6. c3 d5 7. exd5 Nxd5 8. Bb5 Bd7 9. Bxc6 Bxc6 10. Nxe5 Be8 11. Qf3 Bf6 12. Bf4 Nxf4 13. Qxf4 Qd6 14. d4 c5 15. g3 cxd4 16. cxd4 Qd5 17. Nc3 Qe6 18.
Rfe1 Qc8 19. Rac1 Qb8 20. Ne2 h6 21. Rc2 Bg5 22. Qe4 Bb5 23. Rc5 a6 24. Rxb5 axb5 25. Nd7 Re8 26. Nxb8 Rxe4 27. Nd7 Bd2 28. Nc5 Ree8 29.
Kf1 Bxe1 30. Kxe1 Re7 31. a3 Rae8 32. d5 Rxe2+ 33. Kf1 Rxb2 34. d6 Rd8 35. Nxb7 Rd7 36. a4 Rxb7 37. a5 Ra2 0-1

[Event "Live Chess"]
[Site "Chess.com"]
[Date "2023.09.16"]
[Round "-"]
[White "Gustavoksbr"]
[Black "Jonas_Rodrigues"]
[Result "1-0"]
[WhiteElo "1913"]
[BlackElo "1279"]
[TimeControl "900+5"]
[EndTime "16:56:13 PDT"]
[Termination "Gustavoksbr venceu por xeque-mate"]

1. e4 e5 2. f4 exf4 3. Nf3 g5 4. Bc4 g4 5. O-O gxf3 6. Qxf3 Qf6 7. e5 Qxe5 8.
Bxf7+ Kxf7 9. d4 Qxd4+ 10. Be3 Qxe3+ 11. Qxe3 Nc6 12. Nc3 Nf6 13. Rxf4 b6 14. Rxf6+ Kxf6 15. Rf1+ Kg6 16. Qe4+ Kg7 17. Qg4+ Kh6 18. Rf6# 1-0

[Event "Live Chess"]
[Site "Chess.com"]
[Date "2023.09.16"]
[Round "-"]
[White "Cantalicioo"]
[Black "Larissa1413"]
[Result "0-1"]
[WhiteElo "1572"]
[BlackElo "1922"]
[TimeControl "900+5"]
[EndTime "16:56:26 PDT"]
[Termination "Larissa1413 venceu por desistência"]

1. d4 e6 2. e4 d5 3. e5 c5 4. c3 Nc6 5. Nf3 Qa5 6. Qc2 cxd4 7. b4 Qb6 8. Nxd4 Nxd4 9. cxd4 Bd7 10. Be3 Bxb4+ 11.
Nc3 Rc8 12. O-O-O Rxc3 0-1

[Event "Live Chess"]
[Site "Chess.com"]
[Date "2023.09.16"]
[Round "-"]
[White "Tercette"]
[Black "GilbertoGOFaria"]
[Result "0-1"]
[WhiteElo "275"]
[BlackElo "1667"]
[TimeControl "900+5"]
[EndTime "16:57:55 PDT"]
[Termination "GilbertoGOFaria venceu por xeque-mate"]

1. d4 g6 2. e4 Bg7 3. Bc4 d6 4. Nf3 Nf6 5. Ng5 O-O 6. Bxf7+ Rxf7 7.
Nxf7 Kxf7 8. e5 dxe5 9. dxe5 Qxd1+ 10. Kxd1 Ne4 11. e6+ Bxe6 12. f3 Nf2+ 13. Ke1 Nxh1 14.
Kf1 Nc6 15. Nc3 Bxc3 16. bxc3 Rd8 17. Rb1 Bc4+ 18. Ke1 Rd6 19. Rxb7 Re6+ 20. Kd1 Nf2+ 21. Kd2 Re2# 0-1

[Event "Live Chess"]
[Site "Chess.com"]
[Date "2023.09.16"]
[Round "-"]
[White "FerreiraPedro"]
[Black "Gabriel0298"]
[Result "1-0"]
[WhiteElo "1410"]
[BlackElo "1592"]
[TimeControl "900+5"]
[EndTime "16:58:38 PDT"]
[Termination "FerreiraPedro venceu por xeque-mate"]

1. Nf3 e6 2. d4 d5 3. c4 Nf6 4.
Nc3 Bb4 5. cxd5 Nxd5 6. Bd2 Nxc3 7. Bxc3 Bxc3+ 8. bxc3 O-O 9. e3 b6 10. Bd3 Bb7 11. O-O Nd7 12. Nd2 c5 13. Be4 Qc7 14.
Bxb7 Qxb7 15. Nc4 cxd4 16. cxd4 Nf6 17. Ne5 Nd5 18. Qb3 Rac8 19. Rac1 Rc7 20. Rxc7 Qxc7 21. h3 Rc8 22. Qb2 Qc2 23. Qxc2 Rxc2 24. a4 Ra2 25.
Rc1 g6 26. e4 Nf6 27. Rc8+ Kg7 28. Rc7 Nxe4 29. Rxf7+ Kh6 30. Rxa7 Rxf2 31. a5 bxa5 32.
Rxa5 Rd2 33. Nf3 Rd1+ 34. Kh2 Nd6 35. Re5 Nf5 36. Rxe6 Nxd4 37. Nxd4 Rxd4 38. Kg3 Rd3+ 39. Kf4 Rd2 40. g4 Rd3 41. h4 Rd4+ 42. Re4 Rxe4+ 43.
Kxe4 Kg7 44. Ke5 h6 45. g5 hxg5 46. hxg5 Kf7 47. Kd6 Kg7 48. Ke6 Kg8 49. Kf6 Kf8 50. Kxg6 Kg8 51. Kf6 Kf8 52. g6 Kg8 53. g7 Kh7 54.
Kf7 Kh6 55. g8=Q Kh5 56. Kf6 Kh4 57. Kf5 Kh3 58. Kf4 Kh2 59. Kf3 Kh1 60. Qg2# 1-0

[Event "Live Chess"]
[Site "Chess.com"]
[Date "2023.09.16"]
[Round "-"]
[White "Capi-D-Vara"]
[Black "Japaawz"]
[Result "1-0"]
[WhiteElo "1272"]
[BlackElo "397"]
[TimeControl "900+5"]
[EndTime "16:58:51 PDT"]
[Termination "Capi-D-Vara venceu por desistência"]

1. e4 e5 2. Nf3 Qf6 3. d4 d6 4. dxe5 dxe5 5. Bg5 Qd6 6. Qxd6 Bxd6 7. Nc3 Bg4 8. Nd2 h6 9. Be3 Nf6 10. h3 Be6 11. Bc4 Bxc4 12. Nxc4 O-O 13. Nxd6 cxd6 14. O-O-O Nc6 15. Rxd6 Nb4 16. Bc5 Nxe4 17. Nxe4 Nxa2+ 18. Kb1 Rfd8 19. Kxa2 Rxd6 20. Nxd6 Rd8 21. Nxb7 Rc8 22. b4 Rc7 23. Nd6 Kf8 24. Rd1 Rc6 25. Nf5+ Kg8 26. Ne7+ 1-0

[Event "Live Chess"]
[Site "Chess.com"]
[Date "2023.09.16"]
[Round "-"]
[White "MNPedroh"]
[Black "Fellipezin"]
[Result "1-0"]
[WhiteElo "1865"]
[BlackElo "1582"]
[TimeControl "900+5"]
[EndTime "16:59:28 PDT"]
[Termination "MNPedroh venceu por desistência"]

1. e4 c5 2. Nf3 e6 3. c3 Nc6 4. d4 cxd4 5. cxd4 d5 6. Nc3 Bb4 7. Bd3 h6 8. O-O Nge7 9. Qa4 O-O 10. a3 Bxc3 11. bxc3 Bd7 12. Qd1 Qa5 13. Bd2 Qc7 14. g3 dxe4 15. Bxe4 Nd5 16. Bxd5 exd5 17. Bf4 Qa5 18.
Bd6 Rfe8 19. Bb4 Nxb4 20. axb4 Qc7 21. Qd3 a6 22. Ne5 Bb5 23. c4 dxc4 24. Qf5 c3 25. Rfc1 Rac8 26. Rc2 Red8 27. Rac1 Qe7 28. Rxc3 Rxc3 29.
Rxc3 Rxd4 30. Rc8+ Be8 31. Nf3 g6 32. Qc5 Qxc5 33.
Rxe8+ Kg7 34. bxc5 Rd1+ 35. Kg2 a5 36. Rb8 Rc1 37.
Rxb7 Rxc5 38. Ra7 h5 39. Nd4 Kf6 40. Nb3 Rb5 41. Ra6+ Kg7 42. Nxa5 1-0

[Event "Live Chess"]
[Site "Chess.com"]
[Date "2023.09.16"]
[Round "-"]
[White "GustavoFarinha"]
[Black "Miinero"]
[Result "1/2-1/2"]
[WhiteElo "1698"]
[BlackElo "1867"]
[TimeControl "900+5"]
[EndTime "17:00:14 PDT"]
[Termination "Partida empatada por acordo"]

1. e4 e5 2. Nf3 Nc6 3. Bc4 Bc5 4. c3 Nf6 5. d3 d6 6. Bg5 Bg4 7. O-O h6 8. Bh4 g5 9. Bg3 Qd7 10. Nbd2 O-O-O 11. Re1 Rdg8 12. b4 Bb6 13. a4 a5 14. b5 Ne7 15. Bxf7 Rg7 16. Bb3 h5 17. Nc4 h4 18. Nxb6+ cxb6 19. Rc1 hxg3 20. fxg3 Kb8 21. d4 exd4 22. cxd4 Rgh7 23. e5 Nfd5 24. e6 Qe8 25.
Qc2 Bxf3 26. gxf3 Rxh2 27. Qxh2 Rxh2 28. Kxh2 Qh5+ 29. Kg2 Nb4 30. Rh1 Qg6 1/2-1/2

[Event "Live Chess"]
[Site "Chess.com"]
[Date "2023.09.16"]
[Round "-"]
[White "Joasgodoy"]
[Black "abcgames2904"]
[Result "1-0"]
[WhiteElo "693"]
[BlackElo "1184"]
[TimeControl "900+5"]
[EndTime "17:01:05 PDT"]
[Termination "Joasgodoy venceu por desistência"]

1. e4 e5 2. Nf3 Nc6 3. Bb5 Nf6 4. c3 Bc5 5. b4 O-O 6. bxc5 a6 7. Ba4 Nxe4 8. O-O Nxc5 9. Bxc6 dxc6 10. a4 Nd3 11. Ba3 Bg4 12. h3 Bxf3 13. Qxf3 Nf4 14. Bxf8 Qxf8 15. Na3 Qe7 16. Nc4 Rd8 17. Rae1 Rd3 18. Rxe5 Qxe5 19. Nxe5 Rxf3 20. Nxf3 h5 21. Re1 Kh7 22. g3 Nxh3+ 23. Kg2 g5 24. Re7 Kg6 25. Ne5+ Kf6 26. Re8 g4 27. d4 Ng5 28. Nd7+ Kg7 29. Re5 Nf3 30. Rxh5 b5 31. a5 Nxd4 32. cxd4 b4 33.
Nb8 b3 34. Rh1 Kf6 35. Nxa6 Ke6 36. Nxc7+ Kd6 37. Ne8+ Kd5 38. a6 Kxd4 39. a7 Kc3 40. a8=Q Kc2 41. Qa3 b2 42. Qc5+ Kb3 43. Rb1 Ka2 44.
Qc2 1-0

[Event "Live Chess"]
[Site "Chess.com"]
[Date "2023.09.16"]
[Round "-"]
[White "Luisgustavo100"]
[Black "Ferazo"]
[Result "0-1"]
[WhiteElo "943"]
[BlackElo "1406"]
[TimeControl "900+5"]
[EndTime "17:01:10 PDT"]
[Termination "Ferazo venceu por desistência"]

1. e4 c5 2. Nf3 Nc6 3. d4 cxd4 4. Nxd4 Nf6 5. Nc3 g6 6. Be2 Bg7 7. O-O O-O 8. Bf3 d6 9. Re1 Bd7 10. Nxc6 Bxc6 11. Nd5 Nd7 12. c4 Ne5 13. Qe2 e6 14. Nb4 Qa5 15. Nxc6 Nxc6 16. Bd2 Qa6 17. Bc3 Bxc3 18.
bxc3 Rac8 19. Rab1 Ne5 20. Red1 Rxc4 21. Rb4 Nxf3+ 22.
gxf3 Rd4 23. Qc2 Rxd1+ 24. Qxd1 Rc8 25. Qb3 Qe2 26. Kg2 Rc5 27. Rxb7 Rg5+ 0-1

[Event "Live Chess"]
[Site "Chess.com"]
[Date "2023.09.16"]
[Round "-"]
[White "CroNmo"]
[Black "samurai0718"]
[Result "1/2-1/2"]
[WhiteElo "1844"]
[BlackElo "1354"]
[TimeControl "900+5"]
[EndTime "17:01:24 PDT"]
[Termination "Partida empatada por acordo"]

1. d4 g6 2. c4 Nf6 3. Nf3 Bg7 4.
Nc3 O-O 5. e4 d6 6. Be2 Nbd7 7.
O-O b6 8. d5 Bb7 9. Qc2 c6 10.
dxc6 Bxc6 11. Nd5 e5 12. Rd1 Nc5 13. Bd3 Qd7 14. b4 Nxd3 15. Qxd3 Rab8 16. b5 Bxd5 17.
cxd5 Rfc8 18. a4 Rc7 19. Ba3 Rbc8 20. Nd2 Rc3 21. Qe2 Bh6 22. Bb4 Rc2 23. Qe1 Qg4 24. h3 Qh4 25. Bxd6 Bxd2 26. Rxd2 Rxd2 27. Qxd2 Nxe4 28. Qe3 Nxd6 29. Qxe5 Nc4 30. Qe2 Qd4 31. Rd1 Qb2 32. Qg4 Rc5 33. d6 Nd2 34. d7 Rd5 35.
Qe2 1/2-1/2